 Dungeon Crawl Stone Soup version 0.25.1-1-g288607f5aa (webtiles) character file.

Game seed: 15230402889073650090

247 KleinerIrrer the Ruffian (level 5, 0/40 HPs)
             Began as a Draconian Transmuter on July 24, 2020.
             Slain by an iguana (13 damage)
             ... on level 4 of the Dungeon.
             The game lasted 00:03:54 (1622 turns).

KleinerIrrer the Ruffian (Draconian Transmuter)     Turns: 1622, Time: 00:03:55

Health: 0/40       AC:  6    Str: 13    XL:     5   Next: 85%
Magic:  8/8        EV: 12    Int: 13    God:
Gold:   137        SH:  0    Dex: 12    Spells: 7/8 levels left

rFire    . . .     SeeInvis .   b - +2 short sword (protect)
rCold    . . .     Gourm    .   (no shield)
rNeg     . . .     Faith    .   (armour unavailable)
rPois    .         Spirit   .   (helmet restricted)
rElec    .         Reflect  .   (no cloak)
rCorr    .         Harm     .   (no gloves)
MR       .....                  j - +0 pair of boots
Stlth    +.........             (no amulet)
HPRegen  0.13/turn              (no ring)
MPRegen  0.11/turn              (no ring)

@: no status effects
A: unfitting armour, cold-blooded, AC +5
a: no special abilities


You were on level 4 of the Dungeon.
You were not hungry.

You visited 1 branch of the dungeon, and saw 3 of its levels.

You collected 137 gold pieces.

Inventory:

Hand Weapons
 b - a +2 short sword of protection (weapon)
Missiles
 a - 17 arrows
 h - 54 stones (quivered)
Armour
 j - a +0 pair of boots (worn)
Jewellery
 d - an uncursed ring of protection from fire {unknown}
Scrolls
 g - 2 scrolls of identify {unknown}
 k - a scroll of noise {unknown}
 l - a scroll of amnesia {unknown}
 m - 3 scrolls of enchant weapon {unknown}
Potions
 e - a potion of curing
Comestibles
 c - 3 rations
 i - 8 chunks of flesh


   Skills:
 - Level 1.1 Fighting
 - Level 1.7 Dodging
 + Level 6.6 Unarmed Combat
 - Level 2.0 Spellcasting
 - Level 2.0 Transmutations


You had 7 spell levels left.
You knew the following spells:

 Your Spells              Type           Power        Failure   Level  Hunger
a - Beastly Appendage     Tmut           #.....       11%         1    ##.....

Your spell library contained the following spells:

 Spells                   Type           Power        Failure   Level  Hunger
 Sticks to Snakes         Tmut           #.......     17%         2    ###....
 Spider Form              Tmut/Pois      #.........   45%         3    ####...
 Ice Form                 Ice/Tmut       #.......     86%         4    #####..
 Blade Hands              Tmut           #.........   97%         5    ######.


Dungeon Overview and Level Annotations

Branches:
Dungeon (2/15)

Altars:


Innate Abilities, Weirdness & Mutations

Your plain brown scales are hard. (AC +5)
You cannot fit into any form of body armour.
You are cold-blooded and may be slowed by cold attacks.


Message History

The frilled lizard moves out of view.
You hit the orc but do no damage. The orc barely misses you.
The iguana barely misses you.
You hit the orc but do no damage.
You tail-slap the orc, but do no damage.
The orc hits you but does no damage. The iguana barely misses you.
You closely miss the orc. The orc barely misses you. The iguana bites you!
The frilled lizard hisses angrily.
You hit the orc.
Your tail-slap misses the orc.
You punch the orc, but do no damage.
The orc is heavily wounded.
The orc hits you with a +0 mace.
* * * LOW HITPOINT WARNING * * *
The iguana bites you but does no damage.
Found a ration.
Found a helmet.
As you read the scroll labeled LATWYGG FAOFU, it crumbles to dust.
You feel blessed for a moment.
It was a scroll of remove curse.
The iguana bites you!
You die...

#..........
#..........
#รท.......
#...#####
#...#
#...########
#...o..%....
####l.......
#@.......
#........
#........
#.....#..
#.....# .
#....[..
###......
......


You could see an iguana and an orc.

Vanquished Creatures
  A howler monkey (D:4)
  2 hounds (D:4)
  A centaur skeleton (D:4)
  A worker ant (D:4)
  4 adders
  An ooze (D:2)
  A worm (D:2)
  2 dart slugs
  2 leopard geckos
  A ball python (D:2)
  4 giant cockroaches
  5 goblins (D:1)
  A hobgoblin (D:2)
  2 jackals (D:1)
  5 kobolds
  A quokka (D:2)
  5 bats
  5 frilled lizards
  8 rats
52 creatures vanquished.

Notes
Turn   | Place    | Note
-------+----------+-------------------------------------------
     0 | D:1      | KleinerIrrer the Draconian Transmuter began the quest for
                  | the Orb.
     0 | D:1      | Reached XP level 1. HP: 16/16 MP: 3/3
    98 | D:1      | Reached XP level 2. HP: 23/23 MP: 5/5
   492 | D:1      | Reached skill level 4 in Unarmed Combat
   645 | D:1      | Reached XP level 3. HP: 27/28 MP: 6/6
  1410 | D:2      | Reached XP level 4. HP: 35/35 MP: 7/7
  1432 | D:2      | Reached skill level 5 in Unarmed Combat
  1530 | D:2      | You fall into a shaft and drop 2 floors!
  1548 | D:4      | Reached XP level 5. HP: 24/40 MP: 8/8
  1557 | D:4      | Reached skill level 6 in Unarmed Combat
  1622 | D:4      | Slain by an iguana

Illustrated notes

Levels and vault maps discovered:
D:1:      scummos_arrival_simple_crosswalls, layout_basic, st_stairs_3
D:2:      layout_rooms, minmay_misc_feat_room
D:4:      layout_basic, grunt_qazlal_clouds, nicolae_overflow_crystal_walls

Skill      XL: |  1  2  3  4  5 |
---------------+----------------+-----
Unarmed Combat | 4 5 6 |  6.6
Fighting       | |  1.1
Dodging        | |  1.7
Spellcasting   | |  2.0
Transmutations | |  2.0

Action                   |  1- 3 |  4- 6 || total
-------------------------+-------+-------++-------
Melee: Unarmed           |    12 |       ||    12
       Short sword       |   120 |    62 ||   182
       Punch             |     4 |     2 ||     6
       Tailslap          |     3 |     8 ||    11
       Headbutt          |       |     2 ||     2
 Cast: Beastly Appendage |       |     1 ||     1
  Use: Scroll            |       |     1 ||     1
       Potion            |       |     1 ||     1
  Eat: Chunk             |     2 |     1 ||     3
Armor: Skin              |    70 |    40 ||   110
Dodge: Dodged            |    99 |    71 ||   170
